 Dungeon Crawl Stone Soup version 0.19-a0-934-gf1df8d1 (webtiles) character file.

9219 Implojin the Cleaver (level 11, -5/104 HPs)
             Began as a Minotaur Fighter on July 8, 2016.
             Was an Elder of Okawaru.
             Slain by a hill giant
             ... wielding a +0 giant club
              (20 damage)
             ... on level 14 of the Dungeon.
             The game lasted 00:22:00 (1968 turns).

Implojin the Cleaver (Minotaur Fighter)             Turns: 1968, Time: 00:22:01

Health: -5/104     AC: 17    Str: 21    XL:     11   Next: 20%
Magic:  15/16      EV:  9    Int:  5    God:    Okawaru [****..]
Gold:   166        SH: 11    Dex: 13    Spells: 0 memorised, 10 levels left

rFire  . . .     SeeInvis .     a - +0 war axe
rCold  . . .     Gourm    .     o - +0 chain mail
rNeg   . . .     Faith    .     c - +0 shield
rPois  .         Spirit   .     (helmet restricted)
rElec  .         Dismiss  .     t - +1 cloak {+Inv}
rCorr  .         Reflect  .     h - +1 pair of gloves
SustAt .         Harm     .     i - +0 pair of boots
MR     .....                    (no amulet)
Stlth  ..........               (no ring)
                                (no ring)

@: heroism, not resistant to hostile enchantments, extremely unstealthy
A: retaliatory headbutt, horns 2
a: Heroism, Renounce Religion, Evoke Invisibility


You were on level 14 of the Dungeon.
You worshipped Okawaru.
Okawaru was greatly pleased with you.
You were not hungry.

You visited 1 branch of the dungeon, and saw 14 of its levels.

You collected 166 gold pieces.

Inventory:

Hand Weapons
 a - a +0 war axe (weapon)
 n - a +3 battleaxe
 s - a +6 long sword
 w - a +0 blowgun
 A - a cursed -2 falchion
 D - a +7 long sword
Armour
 b - a +0 scale mail
 c - a +0 shield (worn)
 h - a +1 pair of gloves (worn)
 i - a +0 pair of boots (worn)
 o - a +0 chain mail (worn)
 t - a +1 cloak of invisibility (worn)
Jewellery
 j - an uncursed ring of protection from fire {unknown}
 r - a +4 ring of evasion {unknown}
 B - an uncursed ring of positive energy {unknown}
Wands
 p - a wand of polymorph (6/24)
 z - a wand of iceblast (10/15)
Scrolls
 e - a scroll of teleportation
 l - 2 scrolls of immolation
 q - a scroll of blinking {unknown}
 x - a scroll of remove curse {unknown}
 y - a scroll of enchant weapon {unknown}
 C - a scroll of recharging {unknown}
Potions
 g - 2 potions of curing
 m - 2 potions of degeneration
 v - a potion of resistance
Books
 k - a Young Poisoner's Handbook

   Spells                             Type                      Level
   a - Sting                          Conjuration/Poison           1
   b - Mephitic Cloud                 Conjuration/Poison/Air       3
   c - Olgreb's Toxic Radiance        Poison                       4
   d - Alistair's Intoxication        Transmutation/Poison         5
   e - Venom Bolt                     Conjuration/Poison           5
 u - a Grand Grimoire

   Spells                             Type                      Level
   a - Monstrous Menagerie            Summoning                    7
   b - Summon Greater Demon           Summoning                    7
   c - Malign Gateway                 Summoning/Translocation      7
   d - Summon Horrible Things         Summoning                    8
Comestibles
 d - 3 meat rations
 f - 2 bread rations
 E - 2 chunks of flesh


   Skills:
 - Level 12.2(17.2) Fighting
 - Level 13.9(18.9) Axes
 * Level 3.7(8.7) Armour
 - Level 3.6(8.6) Shields
 - Level 8.0 Invocations


You had 10 spell levels left.
You didn't know any spells.

Dungeon Overview and Level Annotations

Branches:
Dungeon (14/15)            Temple (0/1) D:5          Vaults (0/5) D:14
   Lair: D:8-11         Orc: D:9-12

Altars:
Cheibriados
Elyvilon
Hepliaklqana
Okawaru
Xom

Shops:
D:12 =

Annotations:
D:9 Maurice
D:12 exclusion: upstairs


Innate Abilities, Weirdness & Mutations

You reflexively headbutt those who attack you in melee.
You have a pair of horns on your head.


Message History

You now have enough gold to buy a +3 ring of intelligence on D:12.
You can access your shopping list by pressing '$'.
You now have 166 gold pieces (gained 19).
A worker ant comes into view.
The worker ant twitches its antennae in your direction.
You gain the combat prowess of a mighty hero.
The worker ant bites you but does no damage.
You hit the worker ant but do no damage.
Your headbutt misses the worker ant. The worker ant barely misses you.
You hit the worker ant.
The worker ant is moderately wounded.
You block the worker ant's attack.
You hit the worker ant.
The worker ant is severely wounded.
The worker ant bites you but does no damage.
You slash the worker ant!
You kill the worker ant!
Okawaru accepts your kill.
You see here a worker ant corpse.
You butcher the worker ant corpse.
E - 2 chunks of flesh Unknown command.
A hill giant comes into view. It is wielding a giant club.
The hill giant shouts!
Quiver which item? (- for none, * to show all) (? for menu, Esc to quit)
Okay, then.
You slash the hill giant!
The hill giant is lightly wounded.
The hill giant hits you with a giant club.
* * * LOW HITPOINT WARNING * * *
Unknown command.
You hit the hill giant. Your headbutt misses the hill giant.
The hill giant is moderately wounded.
You slash the hill giant!
The hill giant is moderately wounded.
You block the hill giant's attack.
You slice the hill giant!! Your headbutt misses the hill giant.
The hill giant is severely wounded.
The hill giant hits you with a giant club!!
You die...

.....# #..# ... #....#
#..# ...# .....# #..#
##..# #....# #..# ....#
.....########..###....#
....................#
..^...#######.##....#
###...# #.##....# #####
#..#@.### #...C.#
#.......# #.##..### #
...# .... ...## ##..


You could see a hill giant.

Vanquished Creatures
  2 dancing weapons (D:14)
  An unseen horror (D:11)
  A hill giant (D:11)
  Pikel (D:6)
  2 cyclopes
  An ugly thing (D:13)
  A manticore (D:11)
  A centaur skeleton (D:12)
  A troll (D:12)
  Grinder (D:4)
  A slime creature (D:12)
  Sigmund (D:4)
  A basilisk (D:8)
  11 yaks
  A wraith (D:11)
  2 hungry ghosts
  A water moccasin (D:10)
  3 porcupines (D:8)
  An orc warrior (D:7)
  4 slaves (D:6)
  A black bear (D:8)
  An ogre (D:6)
  A wasp (D:12)
  A centaur (D:6)
  A crocodile (D:8)
  A scorpion (D:10)
  7 wights
  2 crimson imps
  3 hounds
  An iguana (D:8)
  4 orc wizards
  4 worker ants
  3 sheep (D:12)
  7 gnolls
  3 river rats (D:8)
  5 adders
  A dart slug (D:3)
  14 orcs
  A bat (D:1)
  A goblin (D:2)
  3 jackals (D:5)
  2 quokkas
  A giant newt (D:2)
  A kobold (D:1)
  4 rats
111 creatures vanquished.

Vanquished Creatures (others)
  An orc wizard (D:5)
  An adder (D:5)
  An orc (D:5)
  A plant (D:8)
4 creatures vanquished.

Grand Total: 115 creatures vanquished

Notes
Turn   | Place    | Note
-------+----------+-------------------------------------------
     0 | D:1      | Implojin the Minotaur Fighter began the quest for the Orb.
     0 | D:1      | Reached XP level 1. HP: 19/19 MP: 0/0
    95 | D:2      | Reached skill level 3 in Axes
   135 | D:3      | Reached XP level 2. HP: 20/26 MP: 1/1
   189 | D:4      | Found a white marble altar of Elyvilon.
   189 | D:4      | Found a hazy altar of Hepliaklqana.
   190 | D:4      | Found an iron altar of Okawaru.
   204 | D:4      | Found a snail-covered altar of Cheibriados.
   207 | D:4      | Became a worshipper of Warmaster Okawaru
   223 | D:4      | Noticed Sigmund
   238 | D:4      | Killed Sigmund
   238 | D:4      | Reached * piety under Okawaru
   238 | D:4      | Reached ** piety under Okawaru
   238 | D:4      | Reached skill level 6 in Axes
   238 | D:4      | Reached XP level 3. HP: 4/31 MP: 2/2
   238 | D:4      | Reached XP level 4. HP: 6/39 MP: 3/3
   238 | D:4      | Reached XP level 5. HP: 6/45 MP: 4/4
   355 | D:4      | Noticed Grinder
   365 | D:4      | Killed Grinder
   365 | D:4      | Reached skill level 8 in Axes
   365 | D:4      | Reached XP level 6. HP: 25/51 MP: 5/5
   394 | D:5      | Entered Level 5 of the Dungeon
   427 | D:5      | Found a shimmering altar of Xom.
   470 | D:5      | Found a staircase to the Ecumenical Temple.
   537 | D:6      | Reached skill level 9 in Axes
   546 | D:6      | Noticed a slave
   546 | D:6      | Noticed a slave
   547 | D:6      | Noticed Pikel
   547 | D:6      | Noticed a slave
   547 | D:6      | Noticed a slave
   556 | D:6      | Killed a slave
   558 | D:6      | Reached XP level 7. HP: 54/57 MP: 3/6
   563 | D:6      | Killed Pikel
   563 | D:6      | Reached *** piety under Okawaru
   563 | D:6      | Reached skill level 11 in Axes
   563 | D:6      | Reached XP level 8. HP: 59/64 MP: 1/7
   771 | D:9      | Reached skill level 12 in Axes
   813 | D:8      | Reached skill level 13 in Axes
   834 | D:8      | Reached **** piety under Okawaru
   837 | D:8      | Reached XP level 9. HP: 31/70 MP: 3/8
   840 | D:8      | Reached skill level 4 in Fighting
   850 | D:8      | Reached skill level 5 in Fighting
   855 | D:8      | Reached skill level 6 in Fighting
   858 | D:8      | Reached skill level 7 in Fighting
   918 | D:10     | Entered Level 10 of the Dungeon
   962 | D:10     | Reached skill level 8 in Fighting
  1020 | D:9      | Noticed Maurice
  1062 | D:11     | Noticed a manticore
  1078 | D:11     | Killed a manticore
  1078 | D:11     | Reached skill level 9 in Fighting
  1083 | D:11     | Noticed a hill giant
  1090 | D:11     | Killed a hill giant
  1090 | D:11     | Reached ***** piety under Okawaru
  1090 | D:11     | Reached skill level 10 in Fighting
  1090 | D:11     | Reached XP level 10. HP: 45/94 MP: 5/9
  1092 | D:11     | Noticed a cyclops
  1106 | D:11     | Killed a cyclops
  1106 | D:11     | Reached skill level 11 in Fighting
  1184 | D:11     | Killed an unseen horror
  1320 | D:12     | Found Voczysisk's Jewellery Shop.
  1361 | D:12     | Reached skill level 12 in Fighting
  1409 | D:12     | Reached skill level 1 in Invocations
  1424 | D:12     | Received a gift from Okawaru
  1424 | D:12     | Reached skill level 2 in Invocations
  1425 | D:12     | Reached skill level 3 in Invocations
  1466 | D:12     | Reached skill level 4 in Invocations
  1579 | D:12     | Reached skill level 5 in Invocations
  1686 | D:12     | Noticed a cyclops
  1701 | D:12     | Killed a cyclops
  1701 | D:12     | Reached skill level 6 in Invocations
  1783 | D:13     | Noticed a cyan ugly thing
  1793 | D:13     | Killed a cyan ugly thing
  1793 | D:13     | Reached XP level 11. HP: 37/104 MP: 6/15
  1883 | D:14     | Noticed an eight-headed hydra
  1896 | D:14     | Noticed an enchanted long sword
  1897 | D:14     | Found a gate to the Vaults.
  1897 | D:14     | Noticed an enchanted long sword
  1905 | D:14     | Killed an enchanted long sword
  1905 | D:14     | Reached skill level 7 in Invocations
  1913 | D:14     | Killed an enchanted long sword
  1913 | D:14     | Reached skill level 8 in Invocations
  1961 | D:14     | Noticed a hill giant
  1968 | D:14     | Slain by a hill giant

Vault maps used:
D:1:      dpeg_arrival_arbitrary_a, minmay_split_cup_small
D:2:      first_bread
D:3:      serial_bayou, serial_bayou_ford_a, serial_bayou_pond_e,
          serial_bayou_shore_b, serial_bayou_pond_b, uniq_crazy_yiuf_cottage,
          uniq_natasha
D:4:      nicolae_overflow_quartered_altars, uniq_grinder, uniq_sigmund
D:5:      xom_confusion_cloud, portal_sewer_entry_d
D:6:      basic_altar, uniq_pikel, uniq_blork_the_orc, uniq_menkaure
D:8:      vehumet_crystals, minmay_lair_entry_grove
D:9:      grunt_ogre_cave, uniq_maurice
D:10:     orc_0_dummy, enter_trove_3, uniq_snorg
D:12:     serial_shops, shop_fountains
D:14:     minmay_stepped, erik_vaults_1, minmay_misc_feat_nine_boxes,
          uniq_rupert

Skill      XL: |  1  2  3  4  5  6  7  8  9 10 11 |
---------------+----------------------------------+-----
Axes           | 3 6 8 9 11 13 | 13.9
Fighting       | 10 12 | 12.2
Invocations    | 6 8 |  8.0
Armour         | |  3.7
Shields        | |  3.6

Action                   |  1- 3 |  4- 6 |  7- 9 | 10-12 || total
-------------------------+-------+-------+-------+-------++-------
Melee: War axe           |    41 |    31 |   148 |   142 ||   362
       Headbutt          |     2 |     3 |    31 |    46 ||    82
Invok: Heroism           |       |     3 |    17 |    17 ||    37
       Finesse           |       |       |       |     2 ||     2
  Use: Potion            |     1 |     2 |     2 |       ||     5
       Scroll            |       |       |     4 |     5 ||     9
 Stab: Distracted        |       |       |     1 |       ||     1
  Eat: Chunk             |       |       |     2 |     5 ||     7
Armor: Scale mail        |    23 |    14 |     9 |       ||    46
       Chain mail        |       |       |    36 |    61 ||    97
Dodge: Dodged            |     7 |    11 |    35 |    22 ||    75
Block: Shield            |    18 |    16 |    62 |    61 ||   157

Table legend:
 A = Turns spent in this place as a percentage of turns spent in the entire game.
 B = Non-inter-level travel turns spent in this place as a percentage of non-inter-level travel turns spent in the entire game.
 C = Inter-level travel turns spent in this place as a percentage of turns spent in this place.
 D = Turns resting spent in this place as a percentage of non-inter-level travel turns spent in this place.
 E = Turns spent auto-exploring this place as a percentage of non-inter-level travel turns spent in this place.
 F = Non-inter-level travel turns spent in this place divided by the number of levels of this place that you've seen.
                   A       B       C       D       E      F
               +-------+-------+-------+-------+-------+----------------------
         Total | 100.0 | 100.0 |   0.0 |   0.0 |   0.0 | 152.6
       Dungeon | 100.0 | 100.0 |   0.0 |   0.0 |   0.0 | 152.6
               +-------+-------+-------+-------+-------+----------------------

Table legend:
 A = Kills in this place as a percentage of kills in entire the game.
 B = Kills by you in this place as a percentage of kills by you in the entire game.
 C = Kills by friends in this place as a percentage of kills by friends in the entire game.
 D = Other kills in this place as a percentage of other kills in the entire game.
 E = Experience gained in this place as a percentage of experience gained in the entire game.
 F = Experience gained in this place divided by the number of levels of this place that you have seen.
                   A       B       C       D       E      F
               +-------+-------+-------+-------+-------+----------------------
         Total | 100.0 | 100.0 |  -nan |  -nan | 100.0 | 940.8
       Dungeon | 100.0 | 100.0 |  -nan |  -nan | 100.0 | 940.8
               +-------+-------+-------+-------+-------+----------------------
